AoeStats
← HR Pinkman

Arabia

508970637Analyzed
4v4 RM · 6d ago on Sep 24, 2026· 21m 6s· 8 players
Game mode
Random Map
Map size
Large (8 player)
Population
200
Speed
Normal
Resources
Standard
Victory
Conquest
Starting age
Dark Age
Ending age
Imperial Age
RankedLock teamsTeams togetherTeam positionsShared explorationLock speedFull tech treeHidden civsTurbo modeCheats
Victory
Defeat
🇨🇱 Jurchens · Chile
1886
+15
🇨🇱 Mongols · Chile
1859
+16
🇨🇱 Japanese · Chile
1853
+16
🇦🇺 Slavs · Australia
1754
+20
🇧🇷 Byzantines · Brazil
1908
-19
🇧🇷 Wu · Brazil
1906
-19
🇧🇷 Aztecs · Brazil
1826
-16
🇧🇷 Armenians · Brazil
1762
-13
HR Whitecourt
8:02 Feudal Age
8:19 Loom
8:49 Double-Bit Axe
8:48 Horse Collar
15:10 Scale Barding Armor
17:37 Bloodlines
18:08 Forging
21:30 Castle Age
20:36 Gold Mining
HR Sobek
6:24 Loom
8:41 Feudal Age
11:11 Town Watch
11:39 Fletching
19:58 Castle Age
18:47 Double-Bit Axe
20:02 Crossbowman
20:40 Bodkin Arrow
Kaydos
6:15 Loom
8:35 Feudal Age
9:10 Double-Bit Axe
14:38 Scale Barding Armor
17:11 Forging
18:43 Bloodlines
22:41 Castle Age
HR Pinkman
5:51 Loom
6:26 Loom
8:35 Feudal Age
10:36 Fletching
22:03 Castle Age
20:38 Double-Bit Axe
21:17 Horse Collar
Oni.GoKu
5:54 Loom
8:20 Feudal Age
10:23 Double-Bit Axe
14:10 Fletching
22:31 Castle Age
Fs.Kawan
6:40 Loom
8:53 Feudal Age
9:43 Double-Bit Axe
15:52 Scale Mail Armor
17:33 Forging
GAX | Elon Monks
6:28 Loom
8:51 Feudal Age
9:57 Double-Bit Axe
10:41 Horse Collar
18:10 Scale Barding Armor
19:06 Bloodlines
19:37 Forging
20:35 Wheelbarrow
Fs.FASTURTLE
6:02 Loom
8:33 Feudal Age
9:43 Double-Bit Axe
12:03 Fletching
Connection lost

Rejoining the realm…

Still unreachable

The connection could not be restored.

Session expired

The server has moved on; the page needs a fresh start.